 Dungeon Crawl Stone Soup version 0.28.0-47-ge53b351184 (webtiles) character file.

Game seed: 288308768082333681

499 Iusername the Covered (level 6, -1/53 HPs)
             Began as a Minotaur Fighter on May 2, 2022.
             Slain by Edmund
             ... wielding a +2 dire flail of protection
              (8 damage)
             ... on level 4 of the Dungeon.
             The game lasted 00:06:38 (3743 turns).

Iusername the Covered (Minotaur Fighter)            Turns: 3743, Time: 00:06:39

Health: -1/53      AC:  8    Str: 20 (23) XL:     6   Next: 94%
Magic:  5/5        EV: 10    Int:  3 (5)  God:
Gold:   115        SH:  4    Dex:  7 (9)  Spells: 5/5 levels left

rFire   . . .      SeeInvis .   m - +3 club (spect)
rCold   . . .      Faith    .   c - +0 buckler
rNeg    . . .      Spirit   .   b - +0 scale mail
rPois   .          Reflect  .   (helmet restricted)
rElec   .          Harm     .   r - +0 cloak
rCorr   .          Rampage  .   (no gloves)
Will    .....                   (no boots)
Stlth   ..........              (no amulet)
HPRegen 0.17/turn               (no ring)
MPRegen 0.09/turn               (no ring)

@: no status effects
A: horns 2, retaliatory headbutt
a: no special abilities


You were on level 4 of the Dungeon.
You visited 1 branch of the dungeon, and saw 4 of its levels.

You collected 115 gold pieces.

Inventory:

Hand Weapons
 a - a +0 long sword
 m - a +3 spectral club (weapon)
Armour
 b - a +0 scale mail (worn)
 c - a +0 buckler (worn)
 r - a +0 cloak (worn)
Scrolls
 d - a scroll of teleportation {unknown}
 f - 2 scrolls of enchant armour
 g - a scroll of blinking {unknown}
 h - 2 scrolls of amnesia {unknown}
 i - a scroll of immolation {unknown}
 j - 2 scrolls of fear
 k - a scroll of silence {unknown}
 o - a scroll of summoning {unknown}
 p - 2 scrolls of fog
 s - a scroll of vulnerability {unknown}
 t - a scroll of identify
Potions
 e - a potion of mutation {unknown}
 l - a potion of ambrosia {unknown}
 n - a potion of attraction {unknown}
 q - a potion of lignification {unknown}
 u - a potion of brilliance {unknown}
 v - a potion of degeneration
 w - a potion of flight {unknown}
 x - a potion of haste


   Skills:
 + Level 4.6 Fighting
 + Level 4.7 Long Blades
 + Level 2.4 Maces & Flails
 + Level 5.8 Armour
 + Level 2.9 Dodging
 + Level 0.1 Stealth
 + Level 4.6 Shields


You had 5 spell levels left.
You didn't know any spells.
Your spell library contained the following spells:

 Spells                   Type           Power      Damage    Failure   Level
 Animate Skeleton         Necr           0%         N/A       91%         1
 Apportation              Tloc           0%         N/A       91%         1
 Beastly Appendage        Tmut           0%         N/A       91%         1
 Summon Small Mammal      Summ           0%         N/A       91%         1
 Blink                    Tloc           0%         N/A       97%         2
 Ensorcelled Hibernation  Hex/Ice        0%         N/A       97%         2
 Passwall                 Tmut/Erth      0%         N/A       97%         2
 Wereblood                Tmut           0%         N/A       97%         2
 Lesser Beckoning         Tloc           0%         N/A       99%         3
 Spider Form              Tmut/Pois      0%         N/A       99%         3
 Swiftness                Air            0%         N/A       99%         3
 Manifold Assault         Tloc           0%         N/A       100%        5


Dungeon Overview and Level Annotations

Branches:
Dungeon (4/15)
 Temple: D:4-7

Altars:
Ashenzari
Vehumet

Portals:
Sewer: D:4

Annotations:
D:4 Edmund


Innate Abilities, Weirdness & Mutations

You have a pair of horns on your head.
You reflexively headbutt those who attack you in melee.


Message History

Edmund is heavily wounded.
Your +3 spectral club hits Edmund but does no damage.
The quokka misses you. Edmund closely misses you.
The quokka completely misses you.
You closely miss Edmund. You headbutt Edmund.
Edmund is severely wounded.
Your +3 spectral club hits Edmund but does no damage.
Edmund says, "I'm quite good with sums, too."
Edmund barely misses you. You block the quokka's attack.
You hit Edmund but do no damage.
Edmund is severely wounded.
Your +3 spectral club hits Edmund.
The quokka barely misses you. You furiously retaliate!
You headbutt the quokka.
Edmund misses your +3 spectral club.
You block the quokka's attack.
Edmund closely misses your +3 spectral club.
You catch the helpless Edmund completely off-guard!
You hit Edmund. You headbutt Edmund.
Edmund is severely wounded.
Your +3 spectral club misses Edmund.
The quokka bites you but does no damage.
Edmund zaps a wand.
The puff of flame hits you.
* * * LOW HITPOINT WARNING * * *
You closely miss Edmund.
Edmund is severely wounded.
Your +3 spectral club closely misses Edmund.
The quokka bites you but does no damage.
You block Edmund's attack. The quokka bites you.
* * * LOW HITPOINT WARNING * * *
You hit Edmund but do no damage. Your headbutt misses Edmund.
Edmund is severely wounded.
Your +3 spectral club hits Edmund but does no damage.
Your +3 spectral club fades away.
Edmund barely misses you.
The quokka bites you but does no damage.
You hit Edmund but do no damage.
Edmund is severely wounded.
Your +3 spectral club hits Edmund.
The quokka bites you but does no damage.
Edmund hits you with a +2 dire flail of protection!
You die...

##......###+###.###'###
#.#....# #.# #)# #
###....# #.###.###.# #
......# #...'.'...# # .
#......# #####.##### #
.....###.# #.# #
....####.#######'#######
##....r(................
......@@....#.####...#.#
.#....#...###..# ##.##..
#... #.<..##..####.##..
.... ......#.....#...#..
##. #.(..(.###..##......
#. ....##.....###....)..
... #..# ##...# ##......
....#.#####...# #......
##.......##...# ##...##


You could see Edmund, a quokka and a friendly +3 spectral club (summoned).

Vanquished Creatures
  3 ogres (D:4)
  An orc priest (D:3)
  Crazy Yiuf (D:2)
  Jessica (D:2)
  An orc wizard (D:3)
  5 adders
  2 worms
  2 dart slugs
  3 orcs (D:3)
  8 ball pythons
  11 endoplasms
  3 giant cockroaches
  7 goblins
  5 hobgoblins
  2 jackals (D:1)
  7 kobolds
  2 quokkas
  9 bats
  5 frilled lizards
  5 rats
83 creatures vanquished.

Notes
Turn   | Place    | Note
-------+----------+-------------------------------------------
     0 | D:1      | Iusername the Minotaur Fighter began the quest for the Orb.
     0 | D:1      | Reached XP level 1. HP: 19/19 MP: 0/0
   286 | D:1      | Reached skill level 4 in Armour
   286 | D:1      | Reached XP level 2. HP: 24/27 MP: 1/1
   362 | D:1      | Found a faded altar of an unknown god.
   799 | D:1      | Reached XP level 3. HP: 28/33 MP: 2/2
  1120 | D:2      | Found a runed translucent door.
  1121 | D:2      | Noticed Crazy Yiuf
  1233 | D:2      | Noticed Jessica
  1237 | D:2      | Killed Jessica
  1238 | D:2      | Reached XP level 4. HP: 41/41 MP: 3/3
  1477 | D:2      | Killed Crazy Yiuf
  1851 | D:3      | Reached skill level 5 in Armour
  1914 | D:3      | Reached XP level 5. HP: 43/47 MP: 4/4
  1964 | D:3      | Found a broken altar of Ashenzari.
  2368 | D:3      | Reached skill level 1 in Dodging
  2808 | D:3      | Found a radiant altar of Vehumet.
  3212 | D:4      | Found a glowing drain.
  3224 | D:4      | Reached skill level 1 in Maces & Flails
  3337 | D:4      | Noticed an ogre
  3342 | D:4      | Killed an ogre
  3343 | D:4      | Reached XP level 6. HP: 53/53 MP: 5/5
  3726 | D:4      | Noticed Edmund
  3743 | D:4      | Slain by Edmund

Illustrated notes

Levels and vault maps discovered:
D:1:      minmay_arrival_widening_spiral_narrow, layout_loops_ring,
          shapermc_ecumenical_altar_mp_highgroup
D:2:      layout_rooms, uniq_crazy_yiuf_cottage, uniq_jessica
D:3:      layout_basic, mainiacjoe_overflow_surrounded_room,
          mainiacjoe_overflow_alcove_4
D:4:      layout_cave_pools, portal_sewer_entry_d, minmay_door_square,
          grunt_ministairs_4, uniq_edmund

Skill      XL: |  1  2  3  4  5  6 |
---------------+-------------------+-----
Armour         | 4 5 |  5.8
Fighting       | 4 |  4.6
Long Blades    | 3 4 |  4.7
Shields        | 4 |  4.6
Dodging        | 2 |  2.9
Maces & Flails | 1 2 |  2.4
Stealth        | |  0.1

Action                   |  1- 3 |  4- 6 || total
-------------------------+-------+-------++-------
Melee: Long sword        |    79 |     7 ||    86
       Headbutt          |    15 |    12 ||    27
       Club              |       |    85 ||    85
  Use: Scroll            |       |     3 ||     3
       Potion            |       |     3 ||     3
 Stab: Distracted        |       |     1 ||     1
Armor: Scale mail        |    43 |    41 ||    84
Dodge: Dodged            |    55 |    37 ||    92
Block: Buckler           |    16 |    19 ||    35
